 Seeded DCSS version 0.29.1-13-g9f3cf754e1 (webtiles) character file.

Game seed: 18334199546629406935 (custom seed)

1140 mathmaestro the Scholar of Death (level 8, 60/61 HPs)
             Began as a Demonspawn Necromancer on Jan 26, 2023.
             Was a Follower of Kikubaaqudgha.
             Quit the game on level 6 of the Dungeon on Jan 27, 2023.
             The game lasted 00:18:46 (6319 turns).

mathmaestro the Scholar of Death (DsNe)             Turns: 6319, Time: 00:18:47

Health: 60/61      AC: 13    Str: 15    XL:     8   Next: 14%
Magic:  14/14      EV: 13    Int: 19    God:    Kikubaaqudgha [*.....]
Gold:   316        SH:  0    Dex: 13    Spells: 7/15 levels left

rFire   . . .      SeeInvis .   s - +4 flail (protect)
rCold   . . .      Faith    .   (no shield)
rNeg    . . .      Spirit   .   k - +1 robe {Archmagi}
rPois   .          Reflect  .   (helmet restricted)
rElec   .          Harm     .   t - +0 cloak
rCorr   .          Rampage  .   l - +0 pair of gloves
Will    .....      Archmagi +   (no boots)
Stlth   +++.......              (no amulet)
HPRegen 0.20/turn               h - +6 ring of strength
MPRegen 0.28/turn               m - ring of flight

@: under a protective aura, flying
A: antennae 1, rugged brown scales 1, powered by death 1, magic regeneration
a: Renounce Religion, Unearth Wretches


You were on level 6 of the Dungeon.
You worshipped Kikubaaqudgha.
Kikubaaqudgha was aware of your devotion.
You visited 1 branch of the dungeon, and saw 6 of its levels.
You also visited: Sewer.

You collected 316 gold pieces.

Inventory:

Hand Weapons
 s - a +4 flail of protection (weapon)
Missiles
 A - 4 javelins
 D - 2 boomerangs
Armour
 k - a +1 robe of the Archmagi (worn)
 l - a +0 pair of gloves (worn)
 t - a +0 cloak (worn)
Jewellery
 h - a +6 ring of strength (left hand)
 m - a ring of flight (right hand)
Scrolls
 e - a scroll of fear {unknown}
 f - 3 scrolls of immolation
 i - 4 scrolls of teleportation
 n - 4 scrolls of magic mapping
 o - a scroll of enchant armour {unknown}
 q - 4 scrolls of fog
 r - a scroll of blinking {unknown}
 x - a scroll of amnesia {unknown}
 y - a scroll of enchant weapon {unknown}
Potions
 b - a potion of magic
 c - 4 potions of curing
 d - 3 potions of might
 g - 3 potions of haste
 j - 3 potions of attraction {unknown}
 p - a potion of flight {unknown}
 u - 2 potions of heal wounds {unknown}
 v - a potion of cancellation {unknown}
 w - a potion of mutation {unknown}
 z - a potion of invisibility {unknown}
 B - 2 potions of lignification {unknown}
 C - a potion of berserk rage {unknown}


   Skills:
 + Level 4.0 Fighting
 + Level 4.2 Dodging
 + Level 4.6 Stealth
 + Level 4.3 Spellcasting
 + Level 6.4 Necromancy


You had 7 spell levels left.
You knew the following spells:

 Your Spells              Type           Power      Damage    Failure   Level
a - Necrotise             Necr           100%       1d9       1%          1
b - Vampiric Draining     Necr           43%        2d9       2%          3
c - Animate Dead          Necr           43%        N/A       10%         4

Your spell library contained the following spells:

 Spells                   Type           Power      Damage    Failure   Level
 Sublimation of Blood     Necr           43%        N/A       1%          2
 Slow                     Hex            24%        N/A       14%         1
 Blink                    Tloc           12%        N/A       21%         2
 Agony                    Necr           43%        N/A       26%         5
 Confusing Touch          Hex            6%         N/A       38%         3
 Lesser Beckoning         Tloc           6%         N/A       38%         3
 Petrify                  Tmut/Erth      6%         N/A       80%         4
 Manifold Assault         Tloc           6%         N/A       98%         5
 Metabolic Englaciation   Hex/Ice        3%         N/A       98%         5
 Statue Form              Tmut/Erth      4%         N/A       100%        6


Dungeon Overview and Level Annotations

Branches:
Dungeon (6/15)              Sewer (visited)
 Temple: D:4-7

Altars:
Kikubaaqudgha

Annotations:
D:4 1 runed translucent door, Jingleheimer's ghost, amateur OpBe


Innate Abilities, Weirdness & Mutations

You have a pair of small antennae on your head.
You are partially covered in rugged brown scales. (AC +1, +3% HP)
You regenerate a little health from kills.
You regenerate magic rapidly.


Message History

You hit the ufetubus.
The ufetubus is severely wounded.
The ufetubus barely misses you.
The ufetubus hits you but does no damage.
The ufetubus barely misses you. The ufetubus hits you.
You thump the ufetubus!
You kill the ufetubus!
Kikubaaqudgha accepts your kill.
You start resting.
HP restored.
There is a stone staircase leading down here.
You fly downwards.
There is a stone staircase leading up, spattered with blood here.
Unknown command.
Found 6 gold pieces.
An iguana comes into view.
The ufetubus shouts!
You hear an angry hiss.
The ufetubus hits you but does no damage. x2
You closely miss the ufetubus.
The ufetubus hits you but does no damage.
The ufetubus completely misses you. The ufetubus misses you.
The ufetubus barely misses you.
You barely miss the ufetubus. The ufetubus completely misses you.
The ufetubus hits you. The ufetubus completely misses you.
The ufetubus hits you but does no damage.
You hit the ufetubus.
Your weapon exudes an aura of protection.
The ufetubus is lightly wounded.
The ufetubus barely misses you. The ufetubus misses you.
The ufetubus hits you but does no damage.
The ufetubus misses you.
You hit the ufetubus.
You kill the ufetubus!
Kikubaaqudgha accepts your kill.
You can now bring forth the wretched and dying.
Kikubaaqudgha grants you a gift!
You add the spell Sublimation of Blood to your library.
Found a pair of boots.
Okay, then.
Are you sure you want to abandon this character and quit the game? (Confirm with "yes".)

##....#........<...#
..........#.........
......##.###.##.....
##......#....#..... # #
#....#.##.##.#.....
..#.###..##..#.#...#....
........##.)....##.#....
........######.##.......
.......@### #..###......
[...#.#...###..###......
. # #....#....#<......
..###...........###..#
.............#####...#
......#.......#.###..#
............#........#
............###....♣P.
......##....# ##..P♣.P


There were no monsters in sight!

Vanquished Creatures
  A troll (D:5)
  A wyvern (D:6)
  An ogre (D:4)
  A phantom (D:5)
  A bullfrog (Sewer)
  A jelly (D:4)
  2 hounds (D:5)
  An orc priest (D:5)
  3 orc wizards (D:5)
  8 gnolls
  A river rat (Sewer)
  7 adders
  2 shadow imps
  4 ufetubi
  A worm (D:5)
  2 dart slugs
  16 orcs
  9 endoplasms
  2 giant cockroaches
  2 goblins
  2 hobgoblins
  3 quokkas
  16 ball pythons
  4 bats
  4 kobolds
  14 rats
109 creatures vanquished.

Vanquished Creatures (collateral kills)
  A bullfrog (Sewer)
  A worm (D:3)
  4 ball pythons
  A hobgoblin (D:1)
  2 frilled lizards (Sewer)
  14 rats
23 creatures vanquished.

Vanquished Creatures (others)
  A hound zombie (D:5)
  An adder zombie (Sewer)
  A ball python zombie (Sewer)
  5 orc zombies
  A demonic plant (D:6)
  A withered plant (D:4)
10 creatures vanquished.

Grand Total: 142 creatures vanquished

Notes
Turn   | Place    | Note
-------+----------+-------------------------------------------
     0 | D:1      | mathmaestro the Demonspawn Necromancer began the quest for
                  | the Orb.
     0 | D:1      | Reached XP level 1. HP: 13/13 MP: 3/3
   260 | D:1      | Gained mutation: You are partially covered in rugged brown
                  | scales. (AC +1, +3% HP) [demonic ancestry]
   260 | D:1      | Reached XP level 2. HP: 11/20 MP: 1/5
  1395 | D:2      | Reached skill level 1 in Fighting
  1532 | D:2      | Reached XP level 3. HP: 26/26 MP: 2/6
  1541 | D:2      | Learned a level 3 spell: Vampiric Draining
  2172 | D:2      | Gained mutation: You have a pair of small antennae on your
                  | head. [demonic ancestry]
  2172 | D:2      | Reached XP level 4. HP: 32/32 MP: 0/7
  2185 | D:2      | Learned a level 4 spell: Animate Dead
  2280 | D:3      | Found a glowing drain.
  2310 | D:3      | Found a faded altar of an unknown god.
  2340 | Sewer    | Entered a sewer
  2572 | Sewer    | Reached skill level 5 in Necromancy
  2573 | Sewer    | Reached XP level 5. HP: 34/39 MP: 1/9
  2677 | Sewer    | Gained mutation: You regenerate magic rapidly. [demonic
                  | ancestry]
  2677 | Sewer    | Reached XP level 6. HP: 43/47 MP: 6/10
  3470 | D:4      | Found an ancient bone altar of Kikubaaqudgha.
  3480 | D:4      | Became a worshipper of Kikubaaqudgha
  3633 | D:4      | Found a runed translucent door.
  4438 | D:4      | Noticed Jingleheimer's ghost (amateur OpBe)
  4465 | D:5      | Entered Level 5 of the Dungeon
  5120 | D:5      | Noticed a troll
  5278 | D:4      | Gained mutation: You regenerate a little health from kills.
                  | [demonic ancestry]
  5278 | D:4      | Reached XP level 7. HP: 53/53 MP: 9/12
  5663 | D:5      | Killed a troll
  5664 | D:5      | Reached skill level 6 in Necromancy
  6013 | D:6      | Noticed a wyvern
  6022 | D:6      | Killed a wyvern
  6023 | D:6      | Reached XP level 8. HP: 39/61 MP: 7/14
  6316 | D:6      | Reached * piety under Kikubaaqudgha
  6316 | D:6      | Received a gift from Kikubaaqudgha
  6319 | D:6      | Quit the game

Illustrated notes

Levels and vault maps discovered:
D:1:      shiori_shiawase, layout_loops_ring, st_stairs_7
D:2:      layout_basic, minmay_large_rounded_square
D:3:      layout_basic, portal_sewer_entry_a, hellmonk_ecumenical_altar_blasted
D:4:      layout_loops_corners, kiku_gazebo_garden_becter, ebering_ghost_sewer_d
D:5:      layout_basic
D:6:      layout_cave_pools, serial_demonic, serial_demonic_b, serial_demonic_c,
          serial_demonic_d, serial_demonic_g, uniq_sigmund

Skill      XL: |  1  2  3  4  5  6  7 |
---------------+----------------------+-----
Stealth        | 2 3 4 |  4.6
Dodging        | 2 3 4 |  4.2
Fighting       | 1 2 3 4 |  4.0
Necromancy     | 5 6 |  6.4
Spellcasting   | 3 4 |  4.3

Action                   |  1- 3 |  4- 6 |  7- 9 || total
-------------------------+-------+-------+-------++-------
Melee: Whip              |    11 |       |       ||    11
       Flail             |       |    97 |    82 ||   179
       Punch             |       |     2 |     1 ||     3
 Cast: Necrotise         |    66 |    43 |     8 ||   117
       Animate Dead      |       |     2 |     2 ||     4
       Vampiric Draining |       |     7 |    13 ||    20
  Use: Scroll            |       |     7 |     1 ||     8
 Stab: Sleeping          |       |     8 |     1 ||     9
Armor: Robe              |     5 |    54 |    57 ||   116
Dodge: Dodged            |    13 |    83 |    96 ||   192
